 Dungeon Crawl Stone Soup version 0.26.1-11-gd32895ea62 (webtiles) character file.

Game seed: 6726269038379044798

228 infcreate the Covered (level 5, 46/49 HPs)
             Began as a Deep Dwarf Fighter on May 17, 2021.
             Was an Initiate of Gozag.
             Quit the game on level 3 of the Dungeon.
             The game lasted 00:07:45 (2099 turns).

infcreate the Covered (Deep Dwarf Fighter)          Turns: 2099, Time: 00:07:45

Health: 46/49      AC: 11    Str: 21    XL:     5   Next: 71%
Magic:  5/5        EV:  5    Int:  8    God:    Gozag
Gold:   100        SH:  9    Dex: 12    Spells: 4/4 levels left

rFire    . . .     SeeInvis .   a - +1 war axe
rCold    . . .     Faith    .   c - +0 kite shield
rNeg     . . .     Spirit   .   m - +0 plate armour
rPois    .         Reflect  .   (no helmet)
rElec    .         Harm     .   (no cloak)
rCorr    .         Rampage  .   (no gloves)
Will     .....                  (no boots)
Stlth    ..........             A - amulet of the acrobat
HPRegen  0.00/turn              (no ring)
MPRegen  0.09/turn              (no ring)

@: gold aura, non-regenerating
A: damage resistance, heal wounds, sense surroundings 1, no regeneration
a: Heal Wounds, Renounce Religion, Potion Petition, Call Merchant, Bribe Branch


You were on level 3 of the Dungeon.
You worshipped Gozag.
Gozag was aware of your devotion.
You visited 1 branch of the dungeon, and saw 3 of its levels.

You collected 121 gold pieces.
You paid 21 gold pieces to Gozag.


Innate Abilities, Weirdness & Mutations

You are resistant to damage.
You can heal yourself by infusing magical energy.
You passively map a small area around you.
You do not regenerate.


   Skills:
 + Level 3.5 Fighting
 + Level 3.5 Axes
 + Level 4.3 Armour
 + Level 2.4 Dodging
 + Level 4.2 Shields


You had 4 spell levels left.
You didn't know any spells.
Your spell library was empty.

Inventory:

Hand Weapons
 a - a +1 war axe (weapon)
Armour
 c - a +0 kite shield (worn)
 m - a +0 plate armour (worn)
Jewellery
 b - an uncursed ring of magical power {unknown}
 A - an amulet of the acrobat (around neck)
Scrolls
 f - a scroll of identify {@r1}
 j - 2 scrolls of enchant armour {unknown}
Potions
 d - a potion of might
 e - 3 potions of curing {unknown}
 g - a potion of flight {unknown}
 h - 2 potions of berserk rage {unknown}
 i - 2 potions of ambrosia {unknown}
 l - a potion of attraction {unknown}
 n - a potion of cancellation {unknown}
 q - 3 potions of lignification {unknown}
 r - a potion of brilliance {unknown}

Dungeon Overview and Level Annotations

Branches:
Dungeon (3/15)

Altars:
Gozag
Kikubaaqudgha
Uskayaw

#####.# .. .# ...##.#
*#.###.# ##.##O#
#######..##.# #..##.#,
.........##.# #..##.#
..........#.# #.###.#,
..........#.# ...##.#,
...[........#
.♣.'..#,,.........#..#
...#..#,,......$@.#.>#
.####.#, ......$$.##.#
## #.#,,.........##.#
#.# .........##.# ##
#.#, .........##.#
.####.#, .........##.#
...##.#* ###########.#
.♣....# #.# ...#..#
#.#


There were no monsters in sight!


Message History

You barely miss the giant cockroach.
A bat comes into view.
The giant cockroach barely misses you.
The giant cockroach bites you but does no damage.
The bat moves out of view.
You barely miss the giant cockroach.
The giant cockroach bites you but does no damage.
You slash the hobgoblin!
You kill the hobgoblin!
You completely miss the giant cockroach.
The giant cockroach barely misses you. x2
Your shield and plate armour prevent you from hitting the giant cockroach.
You block the giant cockroach's attack.
The giant cockroach bites you but does no damage.
You completely miss the giant cockroach.
You block the bat's attack.
The giant cockroach becomes distracted by the nearby gold, dreaming of imaginary riches.
You hit the giant cockroach.
The giant cockroach is no longer distracted by gold.
The giant cockroach is almost dead.
You block the giant cockroach's attack. The bat hits you but does no damage.
The giant cockroach bites you but does no damage.
You hit the giant cockroach.
You kill the giant cockroach!
You slash the bat!
You kill the bat!
No target in view!
No target in view!
No target in view!
Are you sure you want to abandon this character and quit the game? (Confirm with "yes".)

Skill      XL: |  1  2  3  4 |
---------------+-------------+-----
Dodging        | 1 2 |  2.4
Fighting       | 3 |  3.5
Axes           | 3 |  3.5
Armour         | 4 |  4.3
Shields        | 4 |  4.2

Action                   |  1- 3 |  4- 6 || total
-------------------------+-------+-------++-------
Melee: War axe           |    94 |    93 ||   187
 Abil: Heal Wounds       |     1 |     1 ||     2
  Use: Scroll            |       |     8 ||     8
       Potion            |       |     1 ||     1
Armor: Scale mail        |    15 |       ||    15
       Plate armour      |    31 |    48 ||    79
Dodge: Dodged            |    22 |    15 ||    37
Block: Kite shield       |    44 |    47 ||    91

Levels and vault maps discovered:
D:1:      co_arrival_square_in_a_square_in_a_square, layout_basic,
          minmay_misc_feat_chi, st_stairs_6
D:2:      layout_rooms
D:3:      layout_basic, lemuel_crystal_altar, old_standard_altar,
          lemuel_crystal_altar, dancing_weapons_uskayaw, grunt_ministairs_13

Notes
Turn   | Place    | Note
-------+----------+-------------------------------------------
     0 | D:1      | infcreate the Deep Dwarf Fighter began the quest for the
                  | Orb.
     0 | D:1      | Reached XP level 1. HP: 20/20 MP: 1/1
   173 | D:1      | Reached XP level 2. HP: 22/27 MP: 2/2
   396 | D:1      | Reached skill level 1 in Dodging
   778 | D:2      | Noticed a howler monkey
   824 | D:2      | Reached skill level 3 in Fighting
   824 | D:2      | Reached XP level 3. HP: 18/34 MP: 3/3
   933 | D:2      | Reached skill level 3 in Axes
   933 | D:2      | Reached XP level 4. HP: 38/42 MP: 4/4
  1370 | D:3      | Noticed a +0 dagger
  1373 | D:3      | Noticed a -1 hand axe
  1377 | D:3      | Noticed an ogre
  1475 | D:3      | Reached skill level 4 in Armour
  1591 | D:3      | Reached skill level 2 in Dodging
  1591 | D:3      | Reached skill level 4 in Shields
  1698 | D:3      | Found an opulent altar of Gozag.
  1719 | D:3      | Became a worshipper of Gozag Ym Sagoz the Greedy
  1748 | D:3      | Found a hide-covered altar of Uskayaw.
  1806 | D:3      | Found an ancient bone altar of Kikubaaqudgha.
  1901 | D:3      | Reached XP level 5. HP: 35/49 MP: 5/5
  2011 | D:3      | Killed an ogre
  2099 | D:3      | Quit the game

Vanquished Creatures
  An ogre (D:3)
  A howler monkey (D:2)
  2 adders
  An ooze (D:1)
  4 worms
  3 dart slugs
  4 orcs
  5 giant cockroaches
  7 goblins
  5 hobgoblins
  4 jackals (D:2)
  6 kobolds
  2 ball pythons (D:1)
  5 bats
  4 frilled lizards
  7 rats
61 creatures vanquished.

Table legend: (Time is in decaauts)
 A = Elapsed time spent in this place.
 B = Non-inter-level travel time spent in this place.
 C = Inter-level travel time spent in this place.
 D = Time resting spent in this place.
 E = Time spent auto-exploring this place.
 F = Levels seen in this place.
 G = Mean time per level.
                   A        B        C        D        E       F      G
               +--------+--------+--------+--------+--------+-----+--------+
         Total |   2187 |   2038 |    149 |     12 |   1400 |   3 |  729.0 |
       Dungeon |   2187 |   2038 |    149 |     12 |   1400 |   3 |  729.0 |
               +--------+--------+--------+--------+--------+-----+--------+

Top non-repeatable levels by time:
     D:1: 841 daAuts
     D:3: 731 daAuts
     D:2: 614 daAuts

Table legend:
 A = Non-vault XP
 B = Vault XP
 C = Vault XP percentage of total XP
 D = Non-vault monster count
 E = Vault monster count
 F = Vault count percentage of total count
                 A         B        C        D         E       F
            +---------+---------+-------+---------+---------+-------
      Total |     321 |       6 |   1.8 |      58 |       3 |   4.9
            +---------+---------+-------+---------+---------+-------
        D:1 |      37 |       2 |   5.1 |      18 |       1 |   5.3
        D:2 |     110 |       0 |   0.0 |      21 |       0 |   0.0
        D:3 |     174 |       4 |   2.2 |      19 |       2 |   9.5
            +---------+---------+-------+---------+---------+-------
